 Dungeon Crawl Stone Soup version 0.28.0 (webtiles) character file.

Game seed: 1651284472823139521

3633 themarg the Cleaver (level 9, -3/80 HPs)
             Began as a Minotaur Monk on Feb 5, 2022.
             Was a Priest of Nemelex Xobeh.
             Slain by an orc warrior (17 damage)
             ... in a bailey.
             The game lasted 00:44:15 (6645 turns).

themarg the Cleaver (Minotaur Monk)                 Turns: 6645, Time: 00:44:15

Health: -3/80      AC: 14    Str: 16 (17) XL:     9   Next: 87%
Magic:  8/8        EV: 11    Int:  7 (9)  God:    Nemelex Xobeh [***...]
Gold:   246        SH:  0    Dex: 11 (14) Spells: 7/8 levels left

rFire   . . .      SeeInvis +   k - +4 hand axe (venom)
rCold   . . .      Faith    .   (no shield)
rNeg    . . .      Spirit   .   A - +1 scale mail {rPois}
rPois   +          Reflect  .   (helmet restricted)
rElec   .          Harm     .   (no cloak)
rCorr   .          Rampage  .   y - +0 pair of gloves
Will    .....                   (no boots)
Stlth   +.........              (no amulet)
HPRegen 0.23/turn               c - ring of see invisible
MPRegen 0.11/turn               n - +4 ring of protection

@: brilliant, flying
A: horns 2, retaliatory headbutt
a: Renounce Religion, Draw Escape, Draw Destruction, Draw Summoning, Triple Draw


You were in a bailey.
You worshipped Nemelex Xobeh.
Nemelex Xobeh was most pleased with you.
You visited 1 branch of the dungeon, and saw 7 of its levels.
You also visited: Bailey.

You collected 246 gold pieces.

Inventory:

Hand Weapons
 a - a +0 falchion
 k - a +4 hand axe of venom (weapon)
 l - a +1 dagger of venom
 m - a +1 dagger of holy wrath
 C - a +0 vampiric falchion
 E - a +0 shortbow
Missiles
 F - 40 arrows
Armour
 b - a +0 robe
 i - a +0 chain mail
 y - a +0 pair of gloves (worn)
 A - a +1 scale mail of poison resistance (worn)
Jewellery
 c - a ring of see invisible (left hand)
 e - a ring of fire
 n - a +4 ring of protection (right hand)
 q - a ring of flight
 r - a ring of poison resistance
 G - a ring of wizardry
Wands
 t - a wand of acid (3)
Scrolls
 f - a scroll of identify
 j - 2 scrolls of enchant weapon
 o - a scroll of blinking {unknown}
 p - a scroll of amnesia {unknown}
 v - 4 scrolls of teleportation
 x - a scroll of silence {unknown}
 z - a scroll of magic mapping {unknown}
Potions
 d - 2 potions of flight
 h - a potion of lignification
 s - 4 potions of curing {unknown}
 w - 2 potions of attraction {unknown}
 D - a potion of cancellation {unknown}


   Skills:
 + Level 7.6 Fighting
 + Level 4.9 Long Blades
 + Level 10.9 Axes
 + Level 8.3 Armour
 + Level 5.8 Dodging
 + Level 3.1 Stealth


You had 7 spell levels left.
You knew the following spells:

 Your Spells              Type           Power      Damage    Failure   Level
a - Magic Dart            Conj           0%         1d3       80%         1

Your spell library contained the following spells:

 Spells                   Type           Power      Damage    Failure   Level
 Slow                     Hex            0%         N/A       80%         1
 Call Imp                 Summ           0%         N/A       91%         2
 Confusing Touch          Hex            0%         N/A       99%         3
 Mephitic Cloud           Conj/Pois/Air  0%         N/A       99%         3
 Vampiric Draining        Necr           0%         2d6       99%         3


Dungeon Overview and Level Annotations

Branches:
Dungeon (7/15)             Temple (0/1) D:6          Bailey (1/1)

Altars:
Dithmenos
Fedhas
Gozag
Kikubaaqudgha
Nemelex Xobeh
Wu Jian

Shops:
D:1 :


Innate Abilities, Weirdness & Mutations

You have a pair of horns on your head.
You reflexively headbutt those who attack you in melee.


Message History

The orc knight is moderately wounded.
You hear mighty peals of thunder!
You draw a card...
You have drawn Velocity.
Nothing appears to happen.
You draw a card...
You have drawn Pain.
Press: ? - help, Shift-Dir - straight line, f - orc knight
Aim: an orc knight, wielding a +0 halberd and wearing a +0 chain mail (moderately wounded)
The orc knight barely resists.
You draw a card...
You have drawn Pain.
Press: ? - help, Shift-Dir - straight line, f/p - orc knight
Aim: an orc knight, wielding a +0 halberd and wearing a +0 chain mail (moderately wounded)
The orc knight convulses!
You draw a card...
You have drawn Vitriol.
Press: ? - help, Shift-Dir - straight line, f/p - orc knight
Aim: an orc knight, wielding a +0 halberd and wearing a +0 chain mail (heavily wounded)
The glob of acid hits the orc knight!!
You kill the orc knight!
You feel your strength returning.
Your Armour skill increases to level 8!
You start resting.
An orc warrior comes into view. It is wielding a +0 glaive.
You draw a card...
You have drawn the Storm.
A fierce wind blows from the card.
The electrical discharge engulfs the orc warrior!
The orc warrior is heavily wounded.
You hear a mighty peal of thunder!
You hear a shout!
You draw a card...
You have drawn the Pentagram.
The orc warrior hits you from afar with a +0 glaive!
* * * LOW HITPOINT WARNING * * *
The ynoxinul hits you.
* * * LOW HITPOINT WARNING * * *
Your rakshasa hits the ynoxinul from afar with a +0 trident!
Things that are here:
a +0 halberd; a +0 chain mail; an orc corpse Your rakshasa hits the ynoxinul from afar with a +0 trident!
The orc warrior hits you from afar with a +0 glaive!
You die...
Your body disappears without a glow.

♣.≈≈≈≈≈≈#..).#≈≈≈≈≈≈≈#
♣...≈≈≈≈#....#≈≈≈≈≈≈≈#
♣......#.).)#....≈≈≈#
♣................≈≈#
###.♣♣.......♣.♣..♣
#.♣....))......♣
#.).....o....###
##......R)..##
#......@3..#
#♣..∩..∩..♣#
♣........♣ ♣♣......♣♣
♣♣♣♣♣♣♣♣


You could see a ynoxinul (summoned, ally target), an orc warrior and a friendly
rakshasa (summoned).

Vanquished Creatures
  A two-headed ogre (D:5)
  An orc knight (Bailey)
  Grinder (D:3)
  A wraith (D:6)
  A steam dragon (D:6)
  A water moccasin (D:5)
  6 orc warriors
  A black bear (D:4)
  A sky beast (D:7)
  An ice beast (D:6)
  An ogre (D:5)
  A wolf (Bailey)
  2 centaurs (D:7)
  2 scorpions
  A wyvern skeleton (D:7)
  A bullfrog zombie (D:6)
  5 hounds
  An orc priest (D:6)
  A jelly (D:4)
  A bullfrog skeleton (D:5)
  5 iguanas
  An orc wizard (D:6)
  A scorpion zombie (D:5)
  Natasha (thrice) (D:3)
  A hound zombie (D:5)
  3 hound skeletons
  A howler monkey skeleton (D:7)
  6 adders
  A shadow imp (D:5)
  A white imp (D:5)
  An adder zombie (D:5)
  A worm (D:2)
  2 dart slugs
  11 orcs
  4 ball pythons
  5 endoplasms
  12 giant cockroaches
  12 goblins
  3 hobgoblins
  9 jackals
  3 quokkas
  4 bats
  2 frilled lizards (D:3)
  5 kobolds
  7 rats
135 creatures vanquished.

Vanquished Creatures (collateral kills)
  An orc (D:7)
1 creature vanquished.

Grand Total: 136 creatures vanquished

Notes
Turn   | Place    | Note
-------+----------+-------------------------------------------
     0 | D:1      | themarg the Minotaur Monk began the quest for the Orb.
     0 | D:1      | Reached XP level 1. HP: 19/19 MP: 0/0
    80 | D:1      | Reached XP level 2. HP: 18/27 MP: 1/1
   285 | D:1      | Found a faded altar of an unknown god.
   505 | D:1      | Found Dibroalaerph's Book Boutique.
   864 | D:2      | Reached XP level 3. HP: 25/33 MP: 2/2
  2073 | D:3      | Reached XP level 4. HP: 37/40 MP: 3/3
  2122 | D:3      | Noticed Natasha
  2124 | D:3      | Noticed Grinder
  2165 | D:3      | Killed Natasha
  2167 | D:3      | Paralysed by Grinder for 2 turns
  2478 | D:3      | Noticed Natasha
  2487 | D:3      | Killed Natasha
  2488 | D:3      | Reached skill level 1 in Axes
  2490 | D:3      | Noticed Natasha
  2496 | D:3      | Killed Natasha
  2497 | D:3      | Reached XP level 5. HP: 35/47 MP: 4/4
  2726 | D:3      | Reached skill level 2 in Axes
  2790 | D:3      | Paralysed by Grinder for 7 turns
  2804 | D:3      | Killed Grinder
  2805 | D:3      | Reached skill level 4 in Axes
  2805 | D:3      | Reached XP level 6. HP: 48/55 MP: 5/5
  3602 | D:4      | Reached skill level 5 in Fighting
  3602 | D:4      | Reached skill level 5 in Axes
  3602 | D:4      | Reached skill level 1 in Armour
  3782 | D:4      | Reached XP level 7. HP: 61/61 MP: 6/6
  3823 | D:4      | Found a sparkling altar of Nemelex Xobeh.
  3824 | D:4      | Found an opulent altar of Gozag.
  3833 | D:4      | Became a worshipper of Nemelex Xobeh the Trickster
  3833 | D:4      | Reached * piety under Nemelex Xobeh
  3833 | D:4      | Received a gift from Nemelex Xobeh
  3833 | D:4      | Reached ** piety under Nemelex Xobeh
  4058 | D:5      | Entered Level 5 of the Dungeon
  4348 | D:5      | Reached skill level 6 in Axes
  4530 | D:5      | Noticed a two-headed ogre
  4563 | D:5      | Killed a two-headed ogre
  4564 | D:5      | Reached skill level 8 in Axes
  4564 | D:5      | Reached skill level 5 in Dodging
  4564 | D:5      | Reached XP level 8. HP: 36/70 MP: 7/7
  4767 | D:5      | Found a large runed translucent door.
  4767 | D:5      | Found a large runed translucent door.
  4839 | D:5      | Reached skill level 5 in Armour
  5016 | D:5      | Found a blossoming altar of Fedhas.
  5025 | D:5      | Found an ornate altar of the Wu Jian Council.
  5158 | D:6      | Reached skill level 9 in Axes
  5429 | D:6      | Found a staircase to the Ecumenical Temple.
  5487 | D:6      | Found a shadowy altar of Dithmenos.
  5649 | D:6      | Reached XP level 9. HP: 75/78 MP: 8/8
  5651 | D:6      | Learned a level 1 spell: Magic Dart
  5685 | D:6      | Received a gift from Nemelex Xobeh
  5699 | D:6      | Reached *** piety under Nemelex Xobeh
  6049 | D:7      | Received a gift from Nemelex Xobeh
  6103 | D:7      | Found an ancient bone altar of Kikubaaqudgha.
  6176 | D:7      | Reached skill level 10 in Axes
  6422 | D:7      | Found a flagged portal.
  6460 | Bailey   | Entered a bailey
  6502 | Bailey   | Received a gift from Nemelex Xobeh
  6607 | Bailey   | Noticed an orc knight
  6614 | Bailey   | Identified the +0 quarterstaff "Demonbane" {vorpal, rC+
                  | Int-5 Dex+4}
  6614 | Bailey   | HP: 1/79 [orc warrior (17)]
  6632 | Bailey   | Killed an orc knight
  6645 | Bailey   | Slain by an orc warrior

Illustrated notes

Levels and vault maps discovered:
D:1:      lightli_arrival_statue_moat, layout_loops_ring, serial_shops,
          shop_statue, ebering_ecumenical_altar_ruins, serial_glass,
          glass_columns_a, glass_columns_b, glass_columns_a,
          minmay_worlds_worst_comb
D:2:      wad_pebble_path, layout_loops_ring, serial_forest,
          infiniplex_forest_clump_small, infiniplex_forest_lined_room_,
          infiniplex_forest_corner_1, infiniplex_forest_pool,
          infiniplex_forest_end_1
D:3:      layout_loops_ring, minmay_surrounded, uniq_grinder, uniq_natasha
D:4:      layout_gridville, grunt_temple_overflow_opulence
D:5:      layout_gridville, jmf_multi_god_temple2, minmay_misc_feat_tower,
          grunt_ministairs_10, serial_park_tiny_2
D:6:      layout_loops_cross, mainiacjoe_overflow_six_doors_small,
          minmay_temple_entry_waves
D:7:      layout_basic, led_sif_pool, mainiacjoe_overflow_catwalk,
          enter_bailey_5, grunt_decor_arrowhead
Bailey:   bailey_polearm_elven_captive_hellmonk, bailey

Skill      XL: |  1  2  3  4  5  6  7  8  9 |
---------------+----------------------------+-----
Long Blades    | 4 |  4.9
Fighting       | 4 5 6 7 |  7.6
Stealth        | 2 3 |  3.1
Axes           | 1 4 5 8 9 10 | 10.9
Dodging        | 4 5 |  5.8
Armour         | 1 4 5 8 |  8.3

Action                   |  1- 3 |  4- 6 |  7- 9 || total
-------------------------+-------+-------+-------++-------
Melee: Falchion          |    53 |       |       ||    53
       Headbutt          |    12 |     9 |    36 ||    57
       Hand axe          |    28 |    77 |   173 ||   278
       Punch             |       |     1 |     2 ||     3
Invok: Draw Destruction  |       |       |    11 ||    11
       Draw Escape       |       |       |     4 ||     4
       Draw Summoning    |       |       |     3 ||     3
  Use: Scroll            |       |     7 |       ||     7
       Potion            |       |     1 |     4 ||     5
 Stab: Sleeping          |    10 |       |       ||    10
Armor: Robe              |     7 |     6 |       ||    13
       Skin              |       |    10 |       ||    10
       Chain mail        |       |    35 |    47 ||    82
       Scale mail        |       |       |    45 ||    45
Dodge: Dodged            |    50 |    30 |   109 ||   189
